AoeStats
← GStar

Pilgrims

509077168Analyzed
4v4 RM · 7d ago on Sep 25, 2026· 37m 21s· 8 players
Game mode
Random Map
Map size
Large (8 player)
Population
200
Speed
Normal
Resources
Standard
Victory
Conquest
Starting age
Dark Age
Ending age
Imperial Age
RankedLock teamsTeams togetherTeam positionsShared explorationLock speedFull tech treeHidden civsTurbo modeCheats
Victory
Defeat
🇨🇿 Dravidians · Czechia
1215
+12
🇮🇳 Varangians · India
1120
+16
🇦🇺 Varangians · Australia
1109
+17
🇯🇵 Armenians · Japan
1078
+18
🇦🇺 Gurjaras · Australia
1150
-17
🇨🇳 Varangians · China
1141
-16
🇨🇳 Mongols · China
1108
-15
🇨🇳 Franks · China
1103
-15
GStar
4:57 Loom
14:06 Feudal Age
16:13 Double-Bit Axe
19:09 Castle Age
17:07 Town Watch
21:21 Wheelbarrow
20:47 Town Patrol
25:13 Wheelbarrow
26:30 Hand Cart
31:37 Imperial Age
32:50 Conscription
33:14 Bow Saw
35:06 Scale Barding Armor
35:02 Scale Mail Armor
36:57 Husbandry
36:18 Cavalier
Rays丶恋
9:28 Feudal Age
10:35 Double-Bit Axe
14:09 Castle Age
15:43 Bow Saw
15:22 Horse Collar
16:58 Wheelbarrow
21:23 Stone Mining
21:58 Fervor
23:43 Hand Cart
23:51 Heavy Plow
24:19 Loom
27:06 Stone Shaft Mining
26:30 Gold Mining
28:58 Fletching
29:09 Padded Archer Armor
31:03 Ballistics
34:06 Imperial Age
32:15 Thumb Ring
33:31 Bloodlines
33:22 Husbandry
34:18 Elite Mangudai
35:04 Bodkin Arrow
35:25 Leather Archer Armor
35:41 Parthian Tactics
37:07 Chemistry
36:55 Bracer
Nicholas Li
6:25 Loom
11:55 Feudal Age
13:06 Double-Bit Axe
17:06 Castle Age
15:32 Horse Collar
15:57 Gold Mining
17:31 Wheelbarrow
18:09 Squires
18:11 Arson
18:15 Gambesons
21:46 Stone Mining
22:59 Fletching
28:26 Bow Saw
30:34 Hand Cart
30:29 Heavy Plow
30:17 Town Watch
Keanoob Reeves
8:15 Loom
14:16 Feudal Age
18:27 Castle Age
18:46 Fletching
rohangupta4398
8:00 Loom
11:56 Feudal Age
17:26 Castle Age
15:49 Fishing Lines
18:06 Wheelbarrow
18:16 Gillnets
19:09 Medium Warships
19:27 Double-Bit Axe
19:27 Horse Collar
22:09 Hand Cart
21:40 Town Watch
23:32 Stone Mining
23:35 Gold Mining
24:05 Bow Saw
24:07 Heavy Plow
26:58 Squires
26:44 Arson
28:23 Scale Mail Armor
29:44 Chain Mail Armor
29:41 Forging
29:47 Gambesons
36:23 Imperial Age
36:20 Iron Casting
vyshi77
11:31 Feudal Age
9:54 Loom
15:22 Castle Age
13:34 Double-Bit Axe
13:49 Gold Mining
14:38 Scale Mail Armor
16:27 Wheelbarrow
16:48 Town Watch
17:09 Pikeman
17:49 Squires
18:31 Medium Warships
19:36 Bow Saw
21:56 Squires
24:22 Horse Collar
27:47 Fletching
28:08 Forging
28:13 Chain Mail Armor
27:59 Padded Archer Armor
29:11 Bodkin Arrow
30:02 Iron Casting
31:13 Leather Archer Armor
32:03 Gambesons
32:45 Heavy Plow
33:16 Hand Cart
37:36 Imperial Age
36:17 Murder Holes
38:11 Ballistics
LWwcnm
11:39 Feudal Age
11:48 Man-at-Arms
13:54 Long Swordsman
15:13 Arson
16:18 Loom
17:48 Fletching
20:41 Forging
20:31 Scale Mail Armor
21:02 Stone Mining
21:17 Town Watch
24:03 Castle Age
22:21 Double-Bit Axe
23:23 Fishing Lines
25:06 Bodkin Arrow
25:52 Wheelbarrow
ufokinw0tm8
11:18 Feudal Age
9:34 Loom
13:45 Town Watch
13:47 Double-Bit Axe
14:55 Forging
17:37 Castle Age
17:09 Wheelbarrow
16:37 Fishing Lines
22:16 Stone Mining
22:20 Gold Mining
23:40 Fletching
25:13 Bow Saw
28:00 Gillnets
29:19 Squires
37:23 Imperial Age
Connection lost

Rejoining the realm…

Still unreachable

The connection could not be restored.

Session expired

The server has moved on; the page needs a fresh start.